Map: Kairos Junction LE

Players

Yocto

  • Race: Zerg Zerg
  • Spawn Location: 5:00

БАРАКУДА - Winner!

  • Race: Zerg Zerg
  • League: Silver
  • Spawn Location: 11:00

VOD

Have the link to the VOD?

Description

Time

  • Played on: Dec. 13, 2018, 9:29 a.m.
  • Length: 14:20
Show
View Real Time Build Order
Export as new Build Order

Yocto Zerg 

Build Orders: Hatch First 

Get SALT Encoding   

  12  0:02  Drone  
  13  0:16  Overlord  
  13  0:18  Drone  
  14  0:35  Drone  
  14  0:36  Drone  
  14  0:39  Drone  
  17  1:04  Hatchery  
  17  1:05  Drone x2  
  18  1:26  Drone  
  18  1:28  Extractor  
  18  1:30  Drone  
  18  1:31  Spawning Pool  
  18  1:46  Drone  
  19  1:47  Overlord  
  19  2:02  Overlord  
  19  2:11  Drone  
  20  2:17  Queen  
  20  2:18  Queen  
  20  2:20  Zergling x4  
  26  2:24  Extractor  
  26  2:29  Drone  
  26  2:30  Metabolic Boost  
  26  2:34  Drone  
  26  2:37  Drone  
  28  2:42  Drone  
  29  2:47  Drone  
  30  2:59  Drone x2  
  30  3:04  Queen  
  34  3:06  Spine Crawler  
  34  3:10  Lair  
  33  3:18  Drone x3  
  36  3:26  Baneling Nest  
  35  3:35  Overlord  
  35  3:36  Drone  
  35  3:37  Drone  
  37  3:51  Evolution Chamber  
  37  3:54  Queen  
  38  3:56  Evolution Chamber  
  38  3:58  Drone x3  
  40  4:11  Spire  
  39  4:25  Zergling x6  
  39  4:26  Zergling x2  
  39  4:27  Drone x4  
  46  4:53  Extractor  
  46  4:54  Overlord x4  
  46  4:55  Extractor  
  44  5:09  Overlord  
  44  5:10  Overlord  
  44  5:14  Drone x2  
  44  5:15  Drone  
  44  5:18  Drone x4  
  44  5:19  Drone  
  52  5:31  Zergling x4  
  54  5:40  Mutalisk x5  
  64  5:50  Mutalisk x2  
  65  6:01  Mutalisk x2  
  69  6:16  Zerg Melee Weapons Level 1  
  69  6:29  Mutalisk x2  
  69  6:31  Overlord x3  
  69  6:32  Zergling x2  
  74  6:34  Hatchery  
  74  6:36  Zergling x4  
  75  6:54  Mutalisk x2  
  79  7:05  Drone x5  
  84  7:19  Mutalisk x2  
  84  7:20  Mutalisk  
  90  7:27  Drone  
  91  7:30  Overlord  
  91  7:31  Overlord x3  
  91  7:57  Extractor, Drone x3  
  93  7:58  Extractor  
  93  7:59  Drone x3  
  93  8:03  Mutalisk x2  
  99  8:17  Mutalisk x4  
  100  8:35  Mutalisk x2  
  100  8:36  Mutalisk  
  100  8:52  Mutalisk  
  102  9:01  Zergling x10  
  102  9:02  Zergling x2  
  104  9:15  Hatchery  
  103  9:21  Queen  
  103  9:22  Hatchery  
  104  9:26  Mutalisk x3  
  110  9:43  Mutalisk  
  110  9:58  Baneling x7  
  110  9:59  Baneling  
  110  10:09  Zergling x6  
  107  10:42  Zergling x10  
  104  10:43  Zergling x2  
  104  10:48  Queen  
  107  10:50  Queen  
  107  10:53  Baneling x4  
  107  10:54  Baneling x2  
  107  10:56  Zergling x8  
  113  11:06  Mutalisk x3  
  119  11:31  Zergling x12  
  119  11:32  Zergling x2  
  74  11:56  Zergling x10  
  74  11:57  Zergling x6  
  72  12:03  Queen  
  72  12:04  Zergling x4  
  72  12:05  Zergling x2  
  71  12:16  Lair  
  71  12:20  Zergling x6  
  74  12:27  Zergling x6  
  74  12:29  Baneling  
  77  12:30  Baneling x15  
  77  12:32  Zergling x2  
  78  12:44  Lair  
  78  12:49  Zergling x12  
  78  12:50  Zergling x4  
  67  13:05  Zergling x2  
  67  13:06  Zergling x8  
  67  13:09  Zergling x4  
  71  13:14  Zergling x6  
  71  13:15  Zergling x6  
  77  13:21  Baneling x8  
  77  13:22  Baneling x3  
  77  13:23  Zergling x4  
  77  13:24  Zergling x8  
  84  13:34  Zergling x6  
  81  13:44  Zergling x2  
  81  13:45  Zergling x2  
  71  13:50  Zergling x4  
Show
View Real Time Build Order
Export as new Build Order

БАРАКУДА Zerg - Winner!

Build Orders: Hatch First 

Get SALT Encoding   

  12  0:01  Drone  
  13  0:12  Overlord  
  13  0:19  Drone  
  14  0:31  Drone  
  14  0:32  Drone  
  16  0:38  Drone  
  17  0:57  Hatchery, Drone  
  17  0:59  Drone  
  18  1:11  Extractor  
  18  1:15  Spawning Pool  
  18  1:17  Drone  
  17  1:20  Drone  
  18  1:28  Drone  
  19  1:45  Overlord  
  19  2:02  Queen  
  19  2:03  Drone  
  19  2:04  Drone  
  23  2:09  Queen  
  23  2:10  Drone  
  26  2:20  Drone  
  26  2:21  Drone  
  28  2:32  Drone  
  28  2:33  Drone x2  
  31  2:45  Queen x2  
  35  2:55  Drone  
  35  2:57  Overlord x3  
  36  3:22  Evolution Chamber  
  36  3:24  Evolution Chamber  
  36  3:25  Roach Warren  
  33  3:43  Drone x5  
  33  3:44  Drone x2  
  33  3:46  Extractor  
  39  3:49  Extractor  
  38  4:04  Overlord  
  38  4:07  Zerg Missile Weapons Level 1, Zerg Ground Armor Level 1  
  38  4:08  Drone  
  38  4:09  Drone x6  
  45  4:30  Roach x2  
  49  4:32  Roach x2  
  53  4:57  Roach x5  
  53  4:58  Roach x2  
  67  5:00  Overlord  
  67  5:18  Hatchery x2  
  65  5:25  Lair  
  65  5:26  Drone  
  65  5:27  Drone x2  
  68  5:28  Overlord  
  68  5:29  Overlord x3  
  68  5:57  Hatchery  
  68  6:12  Drone x6  
  68  6:18  Extractor  
  73  6:20  Hatchery  
  73  6:23  Zerg Ground Armor Level 2, Zerg Missile Weapons Level 2  
  72  6:32  Ravager x4  
  76  6:54  Spore Crawler  
  76  6:57  Overseer  
  76  7:00  Roach  
  95  7:01  Roach x10  
  95  7:04  Extractor  
  95  7:05  Extractor  
  95  7:16  Drone x3  
  95  7:21  Glial Reconstitution  
  98  7:25  Drone  
  98  7:26  Drone x2  
  98  7:27  Drone x3  
  98  7:29  Roach  
  110  7:30  Roach x2  
  110  7:46  Ravager x4  
  114  8:01  Spire  
  113  8:05  Drone  
  113  8:06  Drone x4  
  113  8:08  Overlord x9  
  115  8:37  Hydralisk Den  
  67  9:10  Hydralisk  
  67  9:11  Hydralisk x17  
  95  9:22  Grooved Spines  
  93  9:51  Hydralisk  
  93  9:52  Hydralisk x11  
  95  9:57  Drone  
  95  9:58  Drone x2  
  120  10:07  Drone x3  
  123  10:27  Hydralisk  
  123  10:28  Hydralisk x7  
  125  10:48  Drone x6  
  125  10:49  Drone x2  
  133  10:58  Extractor  
  133  10:59  Extractor, Hatchery  
  133  11:00  Infestation Pit  
  133  11:01  Muscular Augments  
  129  11:04  Spore Crawler  
  128  11:34  Hydralisk x13  
  128  11:35  Hydralisk x2  
  120  11:54  Hydralisk x3  
  120  11:55  Hydralisk x5  
  116  12:07  Spore Crawler  
  111  12:08  Spore Crawler  
  111  12:13  Drone  
  111  12:14  Drone x2  
  111  12:15  Drone x3  
  114  12:17  Drone x8  
  124  12:23  Hive  
  124  12:48  Hydralisk x9  
  142  13:05  Hydralisk x8  
  114  13:28  Hydralisk x9  
  114  13:29  Hydralisk  
  108  13:48  Hydralisk  
  108  13:49  Hydralisk x8  
  116  14:05  Drone x6  
Tags
 
League
Silver
Matchup
ZvZ
Race
Zerg
Replay Pack
Yocto
Spawn Locations
Cross Positions
Add a new tag
Caveats
  • Supply blocks, unpowered buildings, or Contaminate may cause inaccurate times.
  • Supply counts are checked every 10 seconds.